 Dungeon Crawl Stone Soup version 0.27-a0-412-g8dd771eca2 (webtiles) character file.

Game seed: 1230582778893213049

896 siradein the Summoner (level 7, -5/46 HPs)
             Began as a Demonspawn Summoner on Feb 24, 2021.
             Shot with an arrow by a centaur (8 damage)
             ... on level 6 of the Dungeon.
             The game lasted 00:28:09 (5922 turns).

siradein the Summoner (Demonspawn Summoner)         Turns: 5922, Time: 00:28:11

Health: -5/46      AC:  2    Str:  9    XL:     7   Next: 78%
Magic:  10/10      EV: 12    Int: 18    God:
Gold:   299        SH:  0    Dex: 13    Spells: 1/10 levels left

rFire    . . .     SeeInvis .   t - +9 quarterstaff of Punishment {vorpal, Will+}
rCold    . . .     Faith    .   (shield currently unavailable)
rNeg     . . .     Spirit   .   a - +0 robe
rPois    .         Reflect  .   (helmet restricted)
rElec    .         Harm     .   (no cloak)
rCorr    .         Rampage  .   (no gloves)
Will     +....                  (no boots)
Stlth    ++........             f - amulet of regeneration
HPRegen  1.15/turn              (no ring)
MPRegen  0.24/turn              (no ring)

@: no status effects
A: horns 2, magic regeneration
a: no special abilities


You were on level 6 of the Dungeon.
You visited 1 branch of the dungeon, and saw 6 of its levels.

You collected 299 gold pieces.

Inventory:

Hand Weapons
 i - a +1 dagger of freezing
 n - a +3 mace of protection
 q - a +1 spear of freezing
 t - the +9 quarterstaff of Punishment (weapon) {vorpal, Will+}
   (You found it on level 6 of the Dungeon)

   It inflicts extra damage upon your enemies.
   It affects your willpower, your defense against some magical effects.
Armour
 a - a +0 robe (worn)
Jewellery
 f - an amulet of regeneration (around neck)
 r - a ring of fire {unknown}
Wands
 e - a wand of random effects (16)
 p - a wand of mindburst (17)
Scrolls
 b - a scroll of fear
 c - 3 scrolls of amnesia
 d - 3 scrolls of identify
 j - a scroll of random uselessness {unknown}
 k - 2 scrolls of blinking
 l - a scroll of teleportation
Potions
 g - 2 potions of heal wounds
 h - a potion of berserk rage
 m - a potion of brilliance {unknown}
 o - a potion of attraction {unknown}
 s - a potion of flight


   Skills:
 - Level 1.7 Dodging
 - Level 1.7 Stealth
 - Level 2.0 Spellcasting
 + Level 9.8 Summonings


You had one spell level left.
You knew the following spells:

 Your Spells              Type           Power        Failure   Level
a - Summon Small Mammal   Summ           100%         1%          1
b - Call Imp              Summ           37%          1%          2
c - Call Canine Familiar  Summ           37%          1%          3
d - Summon Guardian Gole  Hex/Summ       19%          8%          3

Your spell library contained the following spells:

 Spells                   Type           Power        Failure   Level
 Summon Ice Beast         Ice/Summ       19%          24%         4
 Summon Lightning Spire   Summ/Air       19%          24%         4


Dungeon Overview and Level Annotations

Branches:
Dungeon (6/15)
 Temple: D:4-7

Altars:
Ru

Shops:
D:6 [

Annotations:
D:5 2 transporters


Innate Abilities, Weirdness & Mutations

You have a pair of horns on your head.
You regenerate magic rapidly.


Message History

You kill the jelly!
A howler monkey comes into view.
Found a dagger.
You see here 14 gold pieces.
The howler monkey howls!
You hear an angry hiss.
Found 23 stones.
The howler monkey hits you.
You sock the howler monkey!
The howler monkey is severely wounded.
A leopard gecko comes into view.
The howler monkey hoots and howls with incredible vigour!
The leopard gecko moves out of view.
You hear a shout!
You hear a bark! x2; You hear an angry hiss.
You closely miss the howler monkey.
The howler monkey is severely wounded.
The howler monkey hoots and howls with incredible vigour!
Your shadow imp barely misses the howler monkey.
The howler monkey barely misses you.
You hit the howler monkey.
You kill the howler monkey!
Your shadow imp hits the leopard gecko.
The leopard gecko bites you.
Your shadow imp barely misses the leopard gecko.
You hit the leopard gecko.
You kill the leopard gecko!
You see here a leopard gecko corpse.
A centaur comes into view.
The centaur wields a +0 shortbow.
The centaur shoots an arrow.
The arrow hits you!
A hound comes into view.
The centaur shoots an arrow.
The arrow hits you!
The centaur shoots an arrow.
The arrow hits you!
The centaur shoots an arrow.
The arrow closely misses your shadow imp.
The arrow hits you!
* * * LOW HITPOINT WARNING * * *
The centaur shoots an arrow.
The arrow closely misses your shadow imp.
The arrow hits you!
You die...

##......###
##.......####
#..###......###
.........#.....### #
....##.###.......#.#
. ....###.........#
..#.......$.∩.##...
. ...#..c.........#
... #....5@.....##
....#..........#
....#..h......## ...
#..†.......# ..
#..#...#..##
#....).##.#
........# ##
.(.#.....# .......
####


You could see a centaur, a hound and a friendly shadow imp (summoned).

Vanquished Creatures
  An ogre (D:4)
  A centaur (D:5)
  A bullfrog (D:6)
  A scorpion (D:5)
  A howler monkey (D:6)
  A jelly (D:6)
  A bullfrog zombie (D:5)
  A hound (D:4)
  An iguana (D:4)
  An orc wizard (D:5)
  8 adders
  A gnoll (D:4)
  A howler monkey skeleton (D:5)
  2 oozes
  2 dart slugs
  2 leopard geckos
  5 orcs
  A giant cockroach (D:1)
  10 goblins
  13 hobgoblins
  3 quokkas
  5 bats
  3 frilled lizards
  7 kobolds
  7 rats
80 creatures vanquished.

Vanquished Creatures (collateral kills)
  An ogre (D:5)
  2 sky beasts (D:5)
  A centaur (D:5)
  An orc priest (D:3)
  A hound (D:4)
  Ijyb (D:3)
  2 orc wizards
  3 worker ants (D:5)
  3 gnolls (D:4)
  4 adders
  2 shadow imps (D:5)
  An adder skeleton (D:5)
  2 dart slugs
  10 orcs
  3 giant cockroaches
  4 hobgoblins
  A kobold (D:1)
  2 ball pythons
  2 bats (D:1)
  A frilled lizard (D:1)
  A leopard gecko skeleton (D:5)
  A rat (D:1)
49 creatures vanquished.

Vanquished Creatures (others)
  A plant (D:2)
1 creature vanquished.

Grand Total: 130 creatures vanquished

Notes
Turn   | Place    | Note
-------+----------+-------------------------------------------
     0 | D:1      | siradein the Demonspawn Summoner began the quest for the
                  | Orb.
     0 | D:1      | Reached XP level 1. HP: 13/13 MP: 3/3
  1015 | D:1      | Gained mutation: You regenerate magic rapidly. [demonic
                  | ancestry]
  1015 | D:1      | Reached XP level 2. HP: 18/19 MP: 3/5
  1736 | D:1      | Reached skill level 5 in Summonings
  1984 | D:1      | Reached XP level 3. HP: 24/24 MP: 6/6
  2496 | D:2      | Found a sacrificial altar of Ru.
  2508 | D:2      | Reached XP level 4. HP: 24/30 MP: 7/7
  2511 | D:2      | Learned a level 2 spell: Call Imp
  2515 | D:2      | Learned a level 3 spell: Call Canine Familiar
  2830 | D:3      | Noticed Ijyb
  2848 | D:3      | Killed Ijyb
  2849 | D:3      | Reached skill level 6 in Summonings
  3028 | D:3      | HP: 1/30 [orc/+3 mace of protection (5)]
  3139 | D:3      | Gained mutation: You have a pair of small horns on your
                  | head. [demonic ancestry]
  3139 | D:3      | Reached XP level 5. HP: 20/35 MP: 5/8
  3558 | D:4      | Reached skill level 7 in Summonings
  3672 | D:4      | Reached XP level 6. HP: 41/41 MP: 9/9
  4303 | D:5      | Entered Level 5 of the Dungeon
  4308 | D:5      | Learned a level 3 spell: Summon Guardian Golem
  4355 | D:5      | Reached skill level 8 in Summonings
  4711 | D:5      | Found a transporter.
  4716 | D:5      | Noticed a fire bat
  4762 | D:5      | Gained mutation: You have a pair of horns on your head.
                  | [demonic ancestry]
  4762 | D:5      | Reached XP level 7. HP: 46/46 MP: 8/10
  4968 | D:5      | Reached skill level 9 in Summonings
  5382 | D:5      | Found a transporter.
  5787 | D:6      | Got a fine quarterstaff
  5795 | D:5      | Identified the +9 quarterstaff of Punishment {vorpal,
                  | Will+} (You found it on level 6 of the Dungeon)
  5897 | D:6      | Found Xojigg's Armour Shoppe.
  5922 | D:6      | Shot with an arrow by a centaur

Illustrated notes

Levels and vault maps discovered:
D:1:      dpeg_arrival_round_a, layout_loops_ring, chequers_garden
D:2:      layout_basic, lemuel_doored_altar, serial_forest,
          infiniplex_forest_straight_2, infiniplex_forest_straight_1,
          infiniplex_forest_end_3, infiniplex_forest_clump_medium,
          infiniplex_forest_lined_corner, minmay_tromino_v4_c
D:3:      layout_basic, uniq_ijyb
D:4:      layout_loops_cross
D:5:      gammafunk_cloud_chamber, layout_basic, minmay_misc_feat_room
D:6:      layout_cave_pools, serial_shops, shop

Skill      XL: |  1  2  3  4  5  6  7 |
---------------+----------------------+-----
Summonings     | 5 6 7 8 9 |  9.8
Dodging        | |  1.7
Stealth        | |  1.7
Spellcasting   | |  2.0

Action                   |  1- 3 |  4- 6 |  7- 9 || total
-------------------------+-------+-------+-------++-------
Melee: Dagger            |   189 |    90 |       ||   279
       Unarmed           |    22 |       |       ||    22
       Mace              |       |    52 |       ||    52
       Spear             |       |    54 |    31 ||    85
       Headbutt          |       |     8 |     5 ||    13
       Quarterstaff      |       |       |    14 ||    14
 Cast: Summon Small Mamm |    23 |       |       ||    23
       Call Imp          |       |    26 |     7 ||    33
       Call Canine Famil |       |    11 |     4 ||    15
       Summon Guardian G |       |       |     4 ||     4
  Use: Scroll            |     5 |     2 |     1 ||     8
       Potion            |     2 |     1 |       ||     3
 Stab: Sleeping          |       |     5 |       ||     5
       Distracted        |       |     4 |       ||     4
Armor: Robe              |    36 |    30 |     5 ||    71
Dodge: Dodged            |   165 |   105 |    37 ||   307

Table legend: (Time is in decaauts)
 A = Elapsed time spent in this place.
 B = Non-inter-level travel time spent in this place.
 C = Inter-level travel time spent in this place.
 D = Time resting spent in this place.
 E = Time spent auto-exploring this place.
 F = Levels seen in this place.
 G = Mean time per level.
                   A        B        C        D        E       F      G
               +--------+--------+--------+--------+--------+-----+--------+
         Total |   5945 |   5848 |     97 |    115 |   4183 |   6 |  990.8 |
       Dungeon |   5945 |   5848 |     97 |    115 |   4183 |   6 |  990.8 |
               +--------+--------+--------+--------+--------+-----+--------+

Top non-repeatable levels by time:
     D:1: 2010 daAuts
     D:5: 1381 daAuts
     D:4: 911 daAuts
     D:2: 758 daAuts
     D:3: 744 daAuts
     D:6: 138 daAuts
